 Dungeon Crawl Stone Soup version 0.21-a0-349-g0c35859 (webtiles) character file.

53 HeySoSerious the Skirmisher (level 3, 0/30 HPs)
             Began as a Demonspawn Abyssal Knight on Oct 7, 2017.
             Was a Believer of Lugonu.
             Succumbed to an adder's poison
             ... on level 3 of the Dungeon.
             The game lasted 00:08:22 (2589 turns).

HeySoSerious the Skirmisher (DsAK)                  Turns: 2589, Time: 00:08:23

Health: 0/30       AC:  3    Str: 13    XL:     3   Next: 62%
Magic:  4/4        EV: 12    Int: 13    God:    Lugonu [**....]
Gold:   113        SH:  0    Dex: 14    Spells: 2/2 levels left

rFire    . . .     SeeInvis .     - Unarmed
rCold    . . .     Gourm    .   (no shield)
rNeg     . . .     Faith    .   a - +0 leather armour
rPois    .         Spirit   .   (no helmet)
rElec    .         Reflect  .   (no cloak)
rCorr    .         Harm     .   (no gloves)
MR       .....                  (no boots)
Stlth    ++........             (no amulet)
HPRegen  0.10/turn              (no ring)
MPRegen  0.09/turn              (no ring)

@: lethally poisoned (0 -> -7)
A: thin skeletal structure 1
a: Depart the Abyss, Bend Space, Renounce Religion


You were on level 3 of the Dungeon.
You worshipped Lugonu.
Lugonu was pleased with you.
You were hungry.

You visited 1 branch of the dungeon, and saw 3 of its levels.
You visited the Abyss 1 time.

You collected 113 gold pieces.

Inventory:

Armour
 a - a +0 leather armour (worn)
Jewellery
 l - a +4 ring of strength {unknown}
 m - an uncursed ring of magical power {unknown}
Scrolls
 c - a scroll of enchant weapon {unknown}
 i - 2 scrolls of identify {unknown}
 k - a scroll of amnesia {unknown}
 n - 2 scrolls of remove curse {unknown}
 o - a scroll of recharging {unknown}
Potions
 d - 2 potions of degeneration {unknown}
 e - 2 potions of invisibility {unknown}
 f - a potion of curing {unknown}
 h - 2 potions of heal wounds {unknown}
 j - a potion of cancellation {unknown}
 p - 2 potions of agility {unknown}
Comestibles
 b - a bread ration
 g - 3 fruits


   Skills:
 * Level 3.8 Fighting
 - Level 1.7 Armour
 + Level 1.6 Dodging
 * Level 2.4 Unarmed Combat
 + Level 2.5 Invocations


You had 2 spell levels left.
You didn't know any spells.

Dungeon Overview and Level Annotations

Branches:
Dungeon (3/15)

Altars:
Ashenzari
Dithmenos
Makhleb
Qazlal
Vehumet
Xom
The Shining One


Innate Abilities, Weirdness & Mutations

You have a somewhat thin skeletal structure. (Dex +2, Stealth)


Message History

The adder barely misses you.
You miss the adder.
The adder is severely wounded.
The adder bites you.
* * * LOW HITPOINT WARNING * * *
You hit the adder.
The adder is almost dead.
The adder misses you.
You closely miss the adder.
The adder is almost dead.
You feel sick. The adder bites you.
* * * LOW HITPOINT WARNING * * *
You are more poisoned.
The adder poisons you!
* * * LOW HITPOINT WARNING * * *
You feel sick. The adder closely misses you.
* * * LOW HITPOINT WARNING * * *
You feel sick.
You die...

# #. .####
... #.# #.
#####@# .
###..S..# .##
#...g####
..###...##.#
#..##.# #.#
#.?..!####.##
#g..........#
#S##......#.#
#.###...###.#


You could see an adder and a goblin.

Vanquished Creatures
  An ooze (D:1)
  2 worms (D:2)
  3 dart slugs
  An orc (D:3)
  2 bats (D:1)
  3 giant cockroaches (D:1)
  4 goblins
  5 hobgoblins
  2 jackals (D:1)
  5 kobolds
  3 frilled lizards (D:1)
  A rat (D:1)
32 creatures vanquished.

Notes
Turn   | Place    | Note
-------+----------+-------------------------------------------
     0 | Abyss:1  | HeySoSerious the Demonspawn Abyssal Knight began the quest for the Orb.
     0 | Abyss:1  | Reached XP level 1. HP: 18/18 MP: 2/2
    13 | Abyss:1  | Found a corrupted altar of Lugonu.
    48 | D:1      | Escaped the Abyss
   125 | D:1      | Reached skill level 1 in Dodging
   233 | D:1      | Gained mutation: You have a somewhat thin skeletal structure. (Dex +2, Stealth) [demonic ancestry]
   233 | D:1      | Reached XP level 2. HP: 9/24 MP: 3/3
   794 | D:1      | Found a radiant altar of Vehumet.
   796 | D:1      | Found a shadowy altar of Dithmenos.
   796 | D:1      | Found a shimmering altar of Xom.
   798 | D:1      | Found a stormy altar of Qazlal.
   798 | D:1      | Found a glowing golden altar of the Shining One.
   798 | D:1      | Found a burning altar of Makhleb.
  1057 | D:1      | Reached XP level 3. HP: 9/29 MP: 4/4
  1627 | D:2      | Reached ** piety under Lugonu
  2146 | D:2      | Found a shattered altar of Ashenzari.
  2588 | D:3      | HP: 1/30 [poisoned by an adder]
  2589 | D:3      | Succumbed to an adder's poison

Vault maps used:
D:1:      minmay_arrival_up_and_down, minmay_misc_feat_four_crosses,
          doesnt_xom_only_xom
D:2:      nrook_loot_triangle, ashenzari_altar_1
D:3:      kennysheep_generic_room_9, uniq_grinder, uniq_natasha, uniq_ijyb,
          uniq_robin

Skill      XL: |  1 |
---------------+----+-----
Dodging        | 1 |  1.6
Unarmed Combat | 2 |  2.4
Fighting       | |  3.8
Armour         | |  1.7
Invocations    | |  2.5

Action                   || total
-------------------------++-------
Melee: Unarmed           ||   229
       Punch             ||     2
Invok: Bend Space        ||     2
 Stab: Sleeping          ||     2
  Eat: Chunk             ||     4
       Fruit             ||     1
Armor: Leather armour    ||    55
Dodge: Dodged            ||   128

Table legend:
 A = Spawn XP
 B = Non-spawn XP
 C = Spawn XP percentage of total XP
 D = Spawn monster count
 E = Non-spawn monster count
 F = Spawn count percentage of total count
 G = Total turns spent on level
                    A         B        C        D         E        F      G
               +---------+---------+-------+---------+---------+-------+---------
         Total |       0 |      76 |   0.0 |       0 |      32 |   0.0 |  2589
               +---------+---------+-------+---------+---------+-------+---------
           D:1 |       0 |      44 |   0.0 |       0 |      20 |   0.0 |  1495
           D:2 |       0 |      27 |   0.0 |       0 |      10 |   0.0 |   974
           D:3 |       0 |       5 |   0.0 |       0 |       2 |   0.0 |    72
               +---------+---------+-------+---------+---------+-------+---------
